 Dungeon Crawl Stone Soup version 0.29-a0-553-g81b289dbe5 (webtiles) character file.

Game seed: 5639097537238620899

107 Anon1729 the Cudgeller (level 4, -5/34 (36) HPs)
             Began as a Minotaur Monk on June 7, 2022.
             Slain by a wight
             ... wielding a +3 great sword
              (17 damage)
             ... on level 3 of the Dungeon.
             The game lasted 00:04:24 (2591 turns).

Anon1729 the Cudgeller (Minotaur Monk)              Turns: 2591, Time: 00:04:24

HP:   -5/34 (36)    AC:  5    Str: 20    XL:     4   Next: 57%
MP:   1/4           EV: 19    Int:  7    God:
Gold: 12            SH:  0    Dex: 12    Spells: 3/3 levels left

rFire   . . .      SeeInvis .   a - +0 mace
rCold   . . .      Faith    +   (no shield)
rNeg    . . .      Spirit   .   e - +0 ring mail
rPois   .          Reflect  .   (helmet restricted)
rElec   +          Harm     .   (no cloak)
rCorr   .          Rampage  .   (no gloves)
Will    .....                   (no boots)
Stlth   +.........              j - amulet of faith
HPRegen 0.11/turn               k - +4 ring of evasion
MPRegen 0.09/turn               p - +4 ring of evasion

@: drained
A: horns 2, retaliatory headbutt, frail 1, electricity resistance, strong 1,
MP-powered wands
a: no special abilities


You were on level 3 of the Dungeon.
You visited 1 branch of the dungeon, and saw 4 of its levels.

You collected 150 gold pieces.
You spent 138 gold pieces at shops.

Inventory:

Hand Weapons
 a - a +0 mace (weapon)
Armour
 b - a +0 robe
 e - a +0 ring mail (worn)
 f - a +1 hat
Jewellery
 j - an amulet of faith (around neck)
 k - a +4 ring of evasion (left hand)
 m - an amulet of the acrobat
 p - a +4 ring of evasion (right hand)
Wands
 i - a wand of mindburst (22)
 o - a wand of polymorph (8)
 r - a wand of flame (18)
 s - a wand of iceblast (6)
Scrolls
 d - 3 scrolls of magic mapping {unknown}
 g - 6 scrolls of identify {unknown}
 h - a scroll of poison {unknown}
 n - a scroll of amnesia {unknown}
 v - 2 scrolls of torment {unknown}
 w - 2 scrolls of fear {unknown}
 x - a scroll of enchant armour {unknown}
 y - a scroll of noise {unknown}
Potions
 c - 2 potions of ambrosia
 l - 2 potions of haste {unknown}
 q - a potion of curing {unknown}
 t - 2 potions of mutation
 u - a potion of brilliance {unknown}


   Skills:
 + Level 4.3 Fighting
 * Level 5.0 Maces & Flails
 + Level 2.0 Armour
 - Level 3.2 Dodging
 - Level 1.5 Stealth
 + Level 1.5 Invocations


You had 3 spell levels left.
You didn't know any spells.
Your spell library contained the following spells:

 Spells                   Type           Power      Damage    Failure   Level
 Blink                    Tloc           0%         N/A       75%         2
 Spider Form              Tmut/Pois      0%         N/A       93%         3
 Malign Gateway           Summ/Tloc      0%         N/A       100%        7


Dungeon Overview and Level Annotations

Branches:
Dungeon (4/15)
 Temple: D:4-7

Altars:

Shops:
D:3 *   D:4 *

Annotations:
D:4 Grinder


Innate Abilities, Weirdness & Mutations

You have a pair of horns on your head.
You reflexively headbutt those who attack you in melee.
You are frail. (-10% HP)
You are resistant to electric shocks. (rElec)
Your muscles are strong. (Str +2)
You expend magic power (3 MP) to strengthen your wands.


Message History

Unknown command.
Unknown command.
Unknown command.
There is a stone staircase leading up here.
You see here a quokka corpse.
Aiming: Mindburst
Press: ? - help, Shift-Dir - straight line, f - wight
Aim: a wight, wielding a +3 great sword and wearing a +0 robe (chance to affect: 64%)
The wight's mind is blasted.
You hit the wight but do no damage.
The wight is moderately damaged.
The wight completely misses you. The wight completely misses you.
The wight closely misses you.
You climb upwards.
There is a stone staircase leading down here.
You barely miss the wight.
The wight is moderately damaged.
The wight hits you with a +2 mace of freezing.
You feel drained. The wight freezes you.
The wight hits you with a +3 great sword!
Okay, then.
Okay, then.
Unknown command.
Okay, then.
It was a potion of mutation.
You feel extremely strange.
You feel your magical essence link to the dungeon's wands.
You feel insulated.
You feel frail.
You feel stronger. The wight misses you. The wight closely misses you.
You furiously retaliate!
You headbutt the wight!
Sorry, you're not good enough to have a special ability.
Unknown command.
Aiming: Mindburst
Press: ? - help, Shift-Dir - straight line, f - wight
Aim: a wight, wielding a +3 great sword and wearing a +0 robe (almost destroyed, chance to affect: 71%)
You feel a slight surge of power.
The wight struggles to resist.
The wight hits you with a +2 mace of freezing.
The wight freezes you.
The wight hits you with a +3 great sword!
Ouch! That really hurt!
You die...

.# #.#.##### .###
#.#.....#
...########.#####.######
...#.....##..##........#
..........##...........#
..........[............#
...........####........#
...........# #........#
...........# #z@......#
...........# #..z.....#
.....[.....# #........#
..........## #........#
..##.....## #........#
########## ##########


You could see 2 wights.

Vanquished Creatures
  2 gnolls (D:2)
  An adder (D:2)
  2 worms (D:2)
  2 dart slugs
  An orc (D:3)
  6 ball pythons
  10 endoplasms
  A giant cockroach (D:2)
  8 hobgoblins
  4 jackals (D:3)
  4 quokkas
  4 bats
  2 frilled lizards
  5 goblins
  5 kobolds
  7 rats
64 creatures vanquished.

Notes
Turn   | Place    | Note
-------+----------+-------------------------------------------
     0 | D:1      | Anon1729 the Minotaur Monk began the quest for the Orb.
     0 | D:1      | Reached XP level 1. HP: 19/19 MP: 0/0
   243 | D:1      | Reached XP level 2. HP: 23/27 MP: 1/1
   340 | D:1      | Reached skill level 4 in Maces & Flails
   402 | D:1      | Reached skill level 1 in Armour
  1001 | D:2      | You fall into a shaft and drop 1 floor!
  1110 | D:3      | Reached XP level 3. HP: 33/33 MP: 2/2
  1126 | D:3      | Reached skill level 1 in Invocations
  1158 | D:3      | Found Xibimpu's General Store.
  1353 | D:3      | Found a faded altar of an unknown god.
  1707 | D:2      | Reached XP level 4. HP: 40/40 MP: 3/3
  1918 | D:2      | Got Ycuphy's Collected Works on Changing and the Compass
  2252 | D:2      | Reached skill level 5 in Maces & Flails
  2530 | D:4      | Found Liasog's Assorted Antiques.
  2535 | D:4      | Bought a scroll labelled USAOPS BICZIO for 24 gold pieces
  2535 | D:4      | Bought a scroll labelled NUBEIG PUASTU for 24 gold pieces
  2535 | D:4      | Bought a lumpy emerald potion for 21 gold pieces
  2535 | D:4      | Bought a lumpy emerald potion for 21 gold pieces
  2535 | D:4      | Bought a scroll labelled BOTEPA COT GIHUNANT for 24 gold
                  | pieces
  2535 | D:4      | Bought a scroll labelled SYMOS BUAGG for 24 gold pieces
  2565 | D:4      | Noticed Grinder
  2570 | D:4      | Paralysed by Grinder for 2 turns
  2590 | D:3      | Gained mutation: You expend magic power (3 MP) to
                  | strengthen your wands. [potion of mutation]
  2590 | D:3      | Gained mutation: You are resistant to electric shocks.
                  | (rElec) [potion of mutation]
  2590 | D:3      | Gained mutation: You are frail. (-10% HP) [potion of
                  | mutation]
  2590 | D:3      | Gained mutation: Your muscles are strong. (Str +2) [potion
                  | of mutation]
  2591 | D:3      | Slain by a wight

Illustrated notes

Levels and vault maps discovered:
D:1:      saegor_arrival_simple_e, layout_loops_cross
D:2:      layout_basic
D:3:      layout_rooms, serial_shops, nicolae_shop_stone,
          hellmonk_ecumenical_altar_heavens_door, minmay_diced_spiral
D:4:      layout_loops_cross, serial_shops, nicolae_shop_hallway_plus,
          nicolae_shop_stone, shop, uniq_grinder

Skill      XL: |  1  2  3  4 |
---------------+-------------+-----
Maces & Flails | 4 5 |  5.0
Armour         | 1 2 |  2.0
Fighting       | 4 |  4.3
Invocations    | 1 |  1.5
Dodging        | |  3.2
Stealth        | |  1.5

Action                   |  1- 3 |  4- 6 || total
-------------------------+-------+-------++-------
Melee: Mace              |    86 |    26 ||   112
       Headbutt          |    14 |     2 ||    16
Evoke: Wand              |       |     2 ||     2
  Use: Potion            |       |     1 ||     1
 Stab: Sleeping          |     1 |       ||     1
Armor: Robe              |     1 |       ||     1
       Ring mail         |    24 |     9 ||    33
Dodge: Dodged            |    64 |    37 ||   101

Table legend: (Time is in decaauts)
 A = Elapsed time spent in this place.
 B = Non-inter-level travel time spent in this place.
 C = Inter-level travel time spent in this place.
 D = Time resting spent in this place.
 E = Time spent auto-exploring this place.
 F = Levels seen in this place.
 G = Mean time per level.
                   A        B        C        D        E       F      G
               +--------+--------+--------+--------+--------+-----+--------+
         Total |   2611 |   2451 |    160 |    177 |   1828 |   4 |  652.8 |
       Dungeon |   2611 |   2451 |    160 |    177 |   1828 |   4 |  652.8 |
               +--------+--------+--------+--------+--------+-----+--------+

Top non-repeatable levels by time:
     D:2: 943 daAuts
     D:1: 859 daAuts
     D:3: 709 daAuts
     D:4: 99 daAuts
